 Dungeon Crawl Stone Soup version 0.17-a0-737-gf0a300a (webtiles) character file.

247 Ngotmuk the Covered (level 5, 0/50 HPs)
             Began as a Deep Dwarf Fighter on May 9, 2015.
             Slain by a gnoll
             ... wielding a +0 halberd
              (5 damage)
             ... on level 3 of the Dungeon.
             The game lasted 00:04:23 (1183 turns).

Ngotmuk the Covered (Deep Dwarf Fighter)            Turns: 1183, Time: 00:04:23

Health: 0/50       AC:  8    Str: 24    XL:     5   Next: 85%
Magic:  5/5        EV:  7    Int:  8    God:
Gold:   117        SH: 10    Dex: 12    Spells: 0 memorised, 4 levels left

rFire  . . .     SeeInvis .     a - +0 war axe
rCold  . . .     Clarity  .     b - +0 scale mail
rNeg   . . .     SustAb   .     c - +0 shield
rPois  .         Gourm    .     (no helmet)
rElec  .         Spirit   .     r - +0 cloak (curse)
rCorr  .         Warding  .     (no gloves)
rMut   .         Stasis   .     (no boots)
MR     .....                    (no amulet)
Stlth  ..........               (no ring)
                                h - +3 ring of strength

@: non-regenerating, not resistant to hostile enchantments, extremely unstealthy
A: damage resistance, recharge devices, sense surroundings 1, slow healing 3
a: Device Recharging


You were on level 3 of the Dungeon.
You were not hungry.

You visited 1 branch of the dungeon, and saw 3 of its levels.

You collected 117 gold pieces.

Inventory:

Hand weapons
 a - a +0 war axe (weapon)
Armour
 b - a +0 scale mail (worn)
 c - a +0 shield (worn)
 r - a cursed +0 cloak (worn)
Jewellery
 h - a +3 ring of strength (left hand)
Magical devices
 e - a wand of heal wounds (4)
Scrolls
 l - a scroll of fog {unknown}
 m - 3 scrolls of fear {unknown}
 p - a scroll of enchant armour {unknown}
 q - a scroll of noise {unknown}
 s - a scroll of random uselessness {unknown}
 t - a scroll of remove curse {unknown}
Potions
 d - a potion of might
 g - a potion of cancellation {unknown}
 j - 2 potions of curing {unknown}
 k - 2 potions of heal wounds {unknown}
 n - 2 potions of poison {unknown}
 u - a potion of brilliance {unknown}
Comestibles
 f - 2 bread rations
 i - a meat ration
 o - 4 fruits


   Skills:
 + Level 3.7 Fighting
 + Level 3.8 Axes
 + Level 4.7 Armour
 + Level 4.6 Shields


You had 4 spell levels left.
You didn't know any spells.

Dungeon Overview and Level Annotations

Branches:
Dungeon (3/15)

Altars:
Ashenzari


Innate Abilities, Weirdness & Mutations

You are resistant to damage.
You can recharge devices by infusing magical energy.
You passively map a small area around you.
You do not heal naturally.


Message History

You block the gnoll's attack.
The gnoll hits you from afar with a halberd.
The gnoll barely misses you.
You slash the gnoll!
You kill the gnoll!
The gnoll hits you from afar with a halberd.
* * * LOW HITPOINT WARNING * * *
The gnoll closely misses you.
You see here a whip.
You barely miss the gnoll. The gnoll hits you with a halberd!
* * * LOW HITPOINT WARNING * * *
You barely miss the gnoll. You block the gnoll's attack.
You barely miss the gnoll. The gnoll barely misses you.
You slash the gnoll!
The gnoll is almost dead.
The gnoll hits you but does no damage.
You closely miss the gnoll.
The gnoll is almost dead.
The gnoll hits you with a halberd!
You die...

, ..#.#.#####......# ,
**#/#.#..# ####^#.# ,
#.#.##.# ###.# * #.#.##.#
#...# * , #.#.##.#
#.###..
..#####.#.##.#####......
..................†......
.<......).$..............
,
#.######@######.#.......#
, #g# , #.#........ *,, ,
* #.., ,#.#........ , **
###.* #.#........ , .#
#.#.####.. * ,, *,# #.#.#
. , , * #+#.# , , , , , ,
, *


You could see a gnoll.

Vanquished Creatures
  Sigmund (D:2)
  2 gnolls (D:3)
  2 oozes
  3 worms (D:2)
  A giant gecko (D:2)
  3 giant cockroaches
  7 goblins
  7 hobgoblins
  5 jackals
  10 kobolds
  A quokka (D:2)
  3 bats
  2 giant newts (D:2)
  2 rats
49 creatures vanquished.

Notes
Turn   | Place    | Note
--------------------------------------------------------------
     0 | D:1      | Ngotmuk, the Deep Dwarf Fighter, began the quest for the Orb.
     0 | D:1      | Reached XP level 1. HP: 20/20 MP: 1/1
    31 | D:1      | Found a shattered altar of Ashenzari.
    53 | D:1      | Reached XP level 2. HP: 27/27 MP: 2/2
   559 | D:2      | Reached XP level 3. HP: 30/33 MP: 3/3
   873 | D:2      | Reached skill level 4 in Shields
  1039 | D:2      | Noticed Sigmund
  1056 | D:2      | Killed Sigmund
  1056 | D:2      | Reached XP level 4. HP: 3/43 MP: 4/4
  1056 | D:2      | Reached XP level 5. HP: 3/49 MP: 5/5
  1183 | D:3      | Slain by a gnoll

Action                   |  1- 3 |  4- 6 || total
-------------------------+-------+-------++-------
Melee: War axe           |   158 |    20 ||   178
Evoke: Wand              |       |     1 ||     1
  Eat: Meat ration       |       |     1 ||     1
